AoeStats
← Malelf

Arabia

509171316Analyzed
1v1 RM · 5d ago on Sep 25, 2026· 52m 16s· 2 players
Game mode
Random Map
Map size
Tiny (2 player)
Population
200
Speed
Normal
Resources
Standard
Victory
Conquest
Starting age
Dark Age
Ending age
Imperial Age
RankedLock teamsTeams togetherTeam positionsShared explorationLock speedFull tech treeHidden civsTurbo modeCheats
Victory
Defeat
🇮🇹 Saracens · Italy
1669
+22
1811
-22
Malelf
7:36 Loom
10:14 Feudal Age
10:53 Double-Bit Axe
17:47 Castle Age
16:08 Gold Mining
17:03 Fletching
16:55 Horse Collar
17:57 Crossbowman
18:51 Bow Saw
19:33 Bodkin Arrow
21:51 Wheelbarrow
25:20 Padded Archer Armor
27:12 Redemption
28:16 Sanctity
30:03 Ballistics
31:02 Hand Cart
33:38 Imperial Age
31:56 Heavy Plow
32:24 Leather Archer Armor
32:32 Town Watch
33:36 Gold Shaft Mining
32:53 Stone Mining
33:25 Bloodlines
33:15 Husbandry
34:02 Arbalester
34:49 Bracer
36:30 Two-Man Saw
36:53 Chemistry
36:05 Masonry
36:21 Light Cavalry
37:10 Scale Barding Armor
37:16 Forging
39:22 Chain Barding Armor
39:34 Hussar
40:58 Plate Barding Armor
42:10 Iron Casting
44:22 Blast Furnace
44:37 Conscription
44:38 Siege Engineers
45:42 Ring Archer Armor
46:05 Hoardings
46:37 Guard Tower
46:43 Murder Holes
46:34 Arrowslits
46:34 Heavy Camel Rider
48:27 Keep
Henrik Højhastighedstog
5:38 Loom
8:58 Feudal Age
9:27 Horse Collar
9:35 Double-Bit Axe
18:20 Castle Age
20:05 Town Watch
24:09 Wheelbarrow
29:00 Bow Saw
33:23 Imperial Age
31:21 Fletching
31:13 Elite Skirmisher
32:33 Hand Cart
32:21 Bodkin Arrow
34:45 Chemistry
33:53 Padded Archer Armor
35:24 Leather Archer Armor
35:53 Ballistics
35:56 Bloodlines
36:53 Conscription
36:41 Light Cavalry
38:04 Ring Archer Armor
38:56 Heavy Camel Rider
40:28 Scale Barding Armor
42:24 Chain Barding Armor
42:14 Forging
44:39 Plate Barding Armor
45:32 Hussar
46:50 Iron Casting
47:13 Husbandry
49:18 Blast Furnace
50:05 Heavy Plow
51:43 Kamandaran
52:06 Thumb Ring
51:35 Crossbowman
Connection lost

Rejoining the realm…

Still unreachable

The connection could not be restored.

Session expired

The server has moved on; the page needs a fresh start.